AoeStats
← {WaZzU'P} Recluta4!

African Clearing

504106876Analyzed
2v2 RM · 28d ago on Sep 3, 2026· 77m 53s· 4 players
Game mode
Random Map
Map size
Medium (4 player)
Population
200
Speed
Normal
Resources
Standard
Victory
Conquest
Starting age
Dark Age
Ending age
Imperial Age
RankedLock teamsTeams togetherTeam positionsShared explorationLock speedFull tech treeHidden civsTurbo modeCheats
Victory
Defeat
🇺🇸 Burgundians · United States
1159
+14
🇨🇭 Mongols · Switzerland
1078
+18
🇦🇷 Vietnamese · Argentina
1111
-16
🇦🇷 Inca · Argentina
1108
-16
Tuxilion
5:33 Loom
12:16 Feudal Age
12:32 Champi Runner
23:05 Castle Age
24:14 Squires
25:55 Champi Warrior
29:29 Pikeman
34:03 Wheelbarrow
40:58 Imperial Age
41:30 Capped Ram
46:13 Conscription
49:11 Halberdier
66:43 Forging
67:33 Arson
70:08 Elite Champi Warrior
PEPO
5:36 Loom
13:58 Feudal Age
18:41 Double-Bit Axe
18:43 Horse Collar
21:15 Castle Age
21:12 Scale Barding Armor
21:18 Forging
26:06 Iron Casting
25:41 Gold Mining
30:10 Stone Mining
31:19 Wheelbarrow
31:29 Pikeman
33:16 Hand Cart
33:57 Fletching
35:02 Bodkin Arrow
37:27 Stone Shaft Mining
37:25 Bow Saw
37:18 Heavy Plow
37:46 Bloodlines
39:04 Padded Archer Armor
39:25 Chain Barding Armor
39:16 Town Watch
43:36 Imperial Age
42:17 Husbandry
42:40 Leather Archer Armor
44:21 Bracer
44:46 Paper Money
46:29 Ring Archer Armor
46:35 Plate Barding Armor
46:35 Elite Rattan Archer
46:41 Elite Rattan Archer
47:50 Ballistics
48:30 Chemistry
47:53 Cavalier
48:39 Scale Mail Armor
48:02 Halberdier
50:42 Chain Mail Armor
52:05 Squires
52:56 Plate Mail Armor
58:46 Capped Ram
62:45 Light Cavalry
67:23 Crop Rotation
68:14 Two-Man Saw
67:49 Elite Skirmisher
68:35 Thumb Ring
69:00 Imperial Skirmisher
{WaZzU'P} Recluta4!
7:49 Loom
10:42 Loom
13:18 Feudal Age
12:05 Double-Bit Axe
14:07 Horse Collar
14:38 Bow Saw
14:29 Town Watch
15:26 Heavy Plow
17:09 Wheelbarrow
24:18 Castle Age
22:50 Scale Barding Armor
23:26 Forging
26:08 Hand Cart
26:09 Cavalier
28:17 Husbandry
32:12 Chain Barding Armor
37:36 Light Cavalry
39:37 Iron Casting
39:39 Burgundian Vineyards
40:56 Gold Mining
44:02 Imperial Age
42:52 Squires
43:24 Sanctity
44:33 Two-Man Saw
44:21 Paladin
48:19 Plate Barding Armor
48:20 Coinage
47:53 Capped Ram
49:50 Blast Furnace
49:00 Town Patrol
48:45 Hussar
50:11 Scale Mail Armor
50:47 Conscription
54:33 Caravan
57:29 Chain Mail Armor
56:35 Pikeman
57:01 Arson
60:11 Plate Mail Armor
62:29 Halberdier
67:40 Ballistics
69:41 Fletching
70:03 Masonry
70:57 Chemistry
75:30 Gold Shaft Mining
74:45 Stone Mining
76:40 Architecture
{WaZzU'P} GranPolo
4:16 Loom
16:53 Feudal Age
17:24 Man-at-Arms
29:56 Castle Age
28:36 Bloodlines
29:12 Double-Bit Axe
29:31 Fletching
31:08 Bodkin Arrow
30:46 Light Cavalry
37:36 Forging
39:26 Scale Barding Armor
40:13 Husbandry
46:55 Horse Collar
47:29 Town Watch
48:05 Heavy Plow
49:22 Wheelbarrow
49:35 Town Patrol
51:28 Bow Saw
51:40 Gold Mining
53:08 Hand Cart
54:30 Iron Casting
55:01 Gold Shaft Mining
58:53 Imperial Age
57:11 Stone Mining
58:34 Stone Shaft Mining
58:19 Padded Archer Armor
60:01 Ballistics
60:42 Chemistry
60:05 Bracer
61:12 Leather Archer Armor
65:26 Elite Mangudai
68:32 Conscription
68:01 Capped Ram
69:31 Masonry
69:13 Siege Ram
70:18 Drill
70:47 Hoardings
Connection lost

Rejoining the realm…

Still unreachable

The connection could not be restored.

Session expired

The server has moved on; the page needs a fresh start.